 Dungeon Crawl Stone Soup version 0.19-a0-733-geeb8733 (webtiles) character file.

270 MrRokkomies the Ruffian (level 6, 0/54 (56) HPs)
             Began as a Ghoul Monk on June 22, 2016.
             Slain by a kobold
             ... wielding a +4 short sword
              (6 damage)
             ... on level 3 of the Dungeon.
             The game lasted 00:03:29 (2027 turns).

MrRokkomies the Ruffian (Ghoul Monk)                Turns: 2027, Time: 00:03:30

HP:   0/54 (56)     AC:  4    Str: 16    XL:     6   Next: 22%
MP:   5/5           EV: 12    Int:  6    God:
Gold: 170           SH:  0    Dex: 11    Spells: 0 memorised, 5 levels left

rFire  . . .     SeeInvis .       - Unarmed
rCold  + . .     Gourm    .     a - +1 robe
rNeg   + + +     Faith    .     (no shield)
rPois  ∞         Spirit   .     (no helmet)
rElec  .         Dismiss  .     (no cloak)
rCorr  .         Reflect  .     (no gloves)
SustAt .         Harm     .     k - +0 pair of boots
MR     .....                    (no amulet)
Stlth  ++........               (no ring)
                                (no ring)

@: rotting, not resistant to hostile enchantments, unstealthy
A: rotting body, claws 1, carnivore 3, cold resistance 1, negative energy
resistance 3, slow regeneration 1, torment resistance, unbreathing
a: no special abilities


You were on level 3 of the Dungeon.
You were hungry.

You visited 1 branch of the dungeon, and saw 3 of its levels.

You collected 170 gold pieces.

Inventory:

Armour
 a - a +1 robe (worn)
 k - a +0 pair of boots (worn)
Jewellery
 g - an uncursed amulet of magic regeneration {unknown}
Scrolls
 e - 2 scrolls of remove curse
 f - a scroll of enchant weapon
 l - a scroll of magic mapping {unknown}
Potions
 d - 2 potions of brilliance
 j - a potion of lignification {unknown}
Comestibles
 b - 2 meat rations
 c - a beef jerky


   Skills:
 * Level 5.5 Fighting
 - Level 2.6 Dodging
 - Level 2.1 Stealth
 * Level 5.8 Unarmed Combat


You had 5 spell levels left.
You didn't know any spells.

Dungeon Overview and Level Annotations

Branches:
Dungeon (3/15)

Altars:
Zin


Innate Abilities, Weirdness & Mutations

Your body is rotting away.
You thrive on raw meat.
You are immune to poison.
You have sharp fingernails.
You are carnivorous and can eat meat at any time.
Your flesh is cold resistant. (rC+)
You are immune to negative energy. (rN+++)
You regenerate slowly when monsters are visible.
You are immune to unholy pain and torment.
You can survive without breathing.


Message History

You scratch something but do no damage.
You are feeling hungry.
Something barely misses you.
You scratch something. You scratch something. Something hits you!
* * * LOW HITPOINT WARNING * * *
You closely miss something. You claw something.
Reactivating autopickup.
Your Fighting skill increases to level 5!
Your Unarmed Combat skill increases to level 5!
You have reached level 5!
You feel stronger.
You have reached level 6!
Your experience leads to an increase in your attributes!
Increase (S)trength, (I)ntelligence, or (D)exterity?
You feel stronger.
You feel a bit more experienced.
You scratch the kobold but do no damage.
The kobold hits you with an enchanted short sword.
You die...

...#.#.(###..###.#
#...............#
#.###..###..#.#.#
#...#.(..#..#.#..
##.###..###..###..
#.................
#.#####..###..###..##
#........#.#..# #....
#######.@#.#..#.#..#
#..K........
#####....... #.....##
#.....# .....# .....#
.....# .....#


You could see a kobold.

Vanquished Creatures
  Sigmund (D:3)
  Ijyb (D:2)
  4 adders
  An ooze (D:1)
  A giant gecko (D:1)
  11 goblins
  2 hobgoblins (D:1)
  3 jackals (D:2)
  A quokka (D:2)
  3 bats
  2 giant newts
  2 kobolds (D:1)
  3 rats (D:2)
35 creatures vanquished.

Notes
Turn   | Place    | Note
--------------------------------------------------------------
     0 | D:1      | MrRokkomies the Ghoul Monk began the quest for the Orb.
     0 | D:1      | Reached XP level 1. HP: 19/19 MP: 0/0
   478 | D:1      | Reached XP level 2. HP: 19/26 MP: 1/1
   989 | D:2      | Reached XP level 3. HP: 28/33 MP: 2/2
  1470 | D:2      | Noticed Ijyb
  1484 | D:2      | Killed Ijyb
  1484 | D:2      | Reached XP level 4. HP: 24/41 MP: 3/3
  1893 | D:3      | Found a glowing silver altar of Zin.
  2006 | D:3      | Noticed Sigmund
  2026 | D:3      | Killed Sigmund
  2026 | D:3      | Reached skill level 5 in Fighting
  2026 | D:3      | Reached skill level 5 in Unarmed Combat
  2026 | D:3      | Reached XP level 5. HP: 5/46 MP: 4/4
  2026 | D:3      | Reached XP level 6. HP: 6/54 MP: 5/5
  2027 | D:3      | Slain by a kobold

Vault maps used:
D:1:      erik_arrival_cave_to_civilisation
D:2:      kennysheep_goblin_castle, supply_closet_lemuel
D:3:      lemuel_crystal_altar, serial_corexii_hall, corexii_hall_statues_l,
          corexii_hall_statues_deadend, minmay_misc_feat_nine_boxes,
          uniq_sigmund

Skill      XL: |  1  2  3  4 |
---------------+-------------+-----
Unarmed Combat | 4 5 |  5.8
Fighting       | 4 5 |  5.5
Dodging        | |  2.6
Stealth        | |  2.1

Action                   |  1- 3 |  4- 6 || total
-------------------------+-------+-------++-------
Melee: Unarmed           |    79 |    47 ||   126
       Punch             |     2 |     2 ||     4
  Use: Scroll            |     2 |     3 ||     5
 Stab: Sleeping          |     3 |       ||     3
       Distracted        |     1 |       ||     1
  Eat: Chunk             |     3 |       ||     3
Armor: Robe              |    24 |     9 ||    33
Dodge: Dodged            |    56 |    25 ||    81
